Construct Infanterie Kompanie
Construct Panzergrenadier Kompanie
Selects Mechanized Battlegroup
Nebelwerfer 42 Rocket Launcher Team
Pak 40 Anti-tank Gun Team
Selects Mobile Repair Stations
Selects Wespe Self-propelled Artillery
Wespe Self-propelled Artillery
Construct Panzer Kompanie
Selects 8 Rad Armored Car
Selects UNKNOWN (2160084)
Selects Zeroing Artillery Barrage
Infanterie Officer Quarters
Wespe Self-propelled Artillery